 Dungeon Sprint DCSS version 0.29-a0-824-gd827844252 (webtiles) character file.

Game seed: 2180749063051004419

921 mhtbhm the Blocker (level 8, -2/64 HPs)
             Began as a Formicid Fighter on July 10, 2022.
             Was a Follower of Makhleb.
             Slain by a human (4 damage)
             ... in the Dungeon (Sprint III: "The Ten Rune Challenge").
             The game lasted 00:04:11 (818 turns).

mhtbhm the Blocker (Formicid Fighter)                Turns: 818, Time: 00:04:12

Health: -2/64      AC:  8    Str: 22    XL:     8   Next: 31%
Magic:  11/11      EV: 11    Int:  9    God:    Makhleb [*.....]
Gold:   38         SH: 10    Dex: 13    Spells: 4/7 levels left

rFire   . . .      SeeInvis +   a - +0 trident
rCold   . . .      Faith    .   c - +0 buckler
rNeg    . . .      Spirit   .   b - +0 scale mail
rPois   .          Reflect  .   (helmet unavailable)
rElec   .          Harm     .   (no cloak)
rCorr   .          Rampage  .   (no gloves)
Will    .....      Clarity  +   (no boots)
Stlth   ..........              (no amulet)
HPRegen 0.20/turn               (no ring)
MPRegen 0.12/turn               (no ring)

@: no status effects
A: permanent stasis, dig shafts and tunnels, antennae 3, four strong arms, large
bone plates 1, clarity, frail 1
a: Dig, Renounce Religion


You were in the Dungeon.
You worshipped Makhleb.
Makhleb was aware of your devotion.
You visited 1 branch You collected 38 gold pieces.

Inventory:

Hand Weapons
 a - a +0 trident (weapon)
Armour
 b - a +0 scale mail (worn)
 c - a +0 buckler (worn)
Wands
 k - a wand of polymorph (8)
Scrolls
 e - a scroll of torment {unknown}
 h - a scroll of vulnerability {unknown}
 j - a scroll of immolation {unknown}
Potions
 f - a potion of resistance
 g - 2 potions of magic
 m - 3 potions of mutation
Miscellaneous
 i - a phial of floods (inert)


   Skills:
 + Level 9.8 Fighting
 + Level 9.6 Polearms
 + Level 8.8 Armour
 + Level 3.2 Dodging
 + Level 10.1 Shields
 * Level 5.1 Invocations
 + Level 0.9 Evocations


You had 4 spell levels left.
You knew the following spells:

 Your Spells              Type           Power      Damage    Failure   Level
a - Magic Dart            Conj           0%         1d3       71%         1
b - Searing Ray           Conj           0%         2d4       85%         2

Your spell library contained the following spells:

 Spells                   Type           Power      Damage    Failure   Level
 Fulminant Prism          Conj/Hex       0%         3d6       100%        4


Dungeon Overview and Level Annotations

Branches:
Dungeon (1/1)

Altars:
Cheibriados
Dithmenos
Elyvilon
Fedhas
Gozag
Hepliaklqana
Kikubaaqudgha
Makhleb
Nemelex Xobeh
Qazlal
Ru
Sif Muna
Vehumet
Wu Jian
Xom
Yredelemnul
Zin
The Shining One
Jiyva
Lugonu


Innate Abilities, Weirdness & Mutations

You cannot be hasted, slowed, berserked, paralysed or teleported.
You can dig through walls and to a lower floor.
You have a pair of large antennae on your head. (SInv)
Your four strong arms can wield two-handed weapons with a shield.
You are partially covered in large bone plates. (SH +4)
You possess an exceptional clarity of mind.
You are frail. (-10% HP)


Message History

The human hits you.
Unknown command.
You closely miss the human.
The human is lightly wounded.
The human closely misses you.
Unknown command.
You barely miss the human.
The human is lightly wounded.
The human drinks a potion.
The human seems to grow stronger.
Unknown command.
Okay, then.
Aiming: Polymorph
Press: ? - help, Shift-Dir - straight line, f/p - human
Aim: a human, wearing a +0 robe (lightly wounded, strong, waterlogged, will become an ice beast, a worm, or a hog, chance to affect: 50%)
Okay, then.
Okay, then.
Okay, then.
Okay, then.
The air fills with toxic fumes!
As you read the scroll labelled YDUNEO PISAF, it crumbles to dust.
It was a scroll of poison.
The human hits you from afar with a +0 trident!
The human misses you.
The human hits you from afar with a +0 trident!
* * * LOW HITPOINT WARNING * * *
Unknown command.
Unknown command.
You barely miss the human.
The human is lightly wounded.
The human hits you from afar with a +0 trident!
* * * LOW HITPOINT WARNING * * *
Unknown command.
Okay, then.
Aiming: Polymorph
Press: ? - help, Shift-Dir - straight line, f/p - human
Aim: a human, wearing a +0 robe (lightly wounded, strong, waterlogged, will become an ice beast, a worm, or a hog, chance to affect: 50%)
The human resists with significant effort.
The human is no longer waterlogged.
You block the human's attack. The human hits you.
You die...

▓▓▓▓ ▓▓▓ ...#### ##.#####
#### ......#####..#§§§#
_#__# .......#..#..#§§@#
_.#._# {{{
#.##...#..#..###p#'###)##
{{{
#.###..##'#..#.§p§≈≈....#
{{{
##.##..###...'§§§§§≈....#
..##..####...#§§§######'#
..##..###....#§§§#__#...#
.##..†##.....#§§§#__#...#
##....#......#§###__#...#
{
##..##.#.....#...#__#...+


You could see 2 humans.

Vanquished Creatures
  A deep elf pyromancer (D)
  A shadow (D)
  A spatial vortex (D)
  A necrophage (D)
  A water elemental (D)
  A jelly (D)
  A wizard (D)
  A necromancer (D)
  A kobold demonologist (D)
  A human (D)
  A wolf (D)
  4 rats (D)
15 creatures vanquished.

Notes
Turn   | Place    | Note
-------+----------+-------------------------------------------
     0 | D        | mhtbhm the Formicid Fighter began the quest for the Orb.
     0 | D        | Reached XP level 1. HP: 18/18 MP: 1/1
    60 | D        | Reached skill level 5 in Shields
    60 | D        | Reached XP level 2. HP: 26/26 MP: 2/2
    60 | D        | Reached XP level 3. HP: 31/31 MP: 3/3
    70 | D        | Reached skill level 5 in Fighting
    75 | D        | Noticed a water elemental
    87 | D        | Killed a water elemental
    88 | D        | Reached skill level 5 in Armour
    88 | D        | Reached skill level 6 in Shields
    88 | D        | Reached XP level 4. HP: 17/40 MP: 4/4
   110 | D        | Gained mutation: You are frail. (-10% HP) [potion of
                  | mutation]
   110 | D        | Gained mutation: You possess an exceptional clarity of
                  | mind. [potion of mutation]
   110 | D        | Gained mutation: You are partially covered in large bone
                  | plates. (SH +4) [potion of mutation]
   262 | D        | Noticed a shadow
   287 | D        | Killed a shadow
   288 | D        | Reached skill level 1 in Dodging
   288 | D        | Reached skill level 8 in Shields
   288 | D        | Reached XP level 5. HP: 32/44 MP: 5/5
   288 | D        | Reached XP level 6. HP: 36/50 MP: 6/6
   478 | D        | Found a blossoming altar of Fedhas.
   478 | D        | Found a stormy altar of Qazlal.
   478 | D        | Found a snail-covered altar of Cheibriados.
   478 | D        | Found a burning altar of Makhleb.
   478 | D        | Found a shimmering altar of Xom.
   479 | D        | Found a hazy altar of Hepliaklqana.
   479 | D        | Found an opulent altar of Gozag.
   479 | D        | Found a sparkling altar of Nemelex Xobeh.
   479 | D        | Found a corrupted altar of Lugonu.
   479 | D        | Found a viscous altar of Jiyva.
   479 | D        | Noticed a spatial vortex
   493 | D        | Killed a spatial vortex
   494 | D        | Reached skill level 9 in Shields
   494 | D        | Reached XP level 7. HP: 36/56 MP: 7/7
   503 | D        | Became a worshipper of Makhleb the Destroyer
   601 | D        | Found a shadowy altar of Dithmenos.
   607 | D        | Reached skill level 1 in Invocations
   619 | D        | Found a basalt altar of Yredelemnul.
   619 | D        | Found a sacrificial altar of Ru.
   669 | D        | Found a radiant altar of Vehumet.
   669 | D        | Found a shimmering blue altar of Sif Muna.
   669 | D        | Found an ancient bone altar of Kikubaaqudgha.
   673 | D        | Reached * piety under Makhleb
   678 | D        | Noticed an ice devil
   690 | D        | Learned a level 1 spell: Magic Dart
   693 | D        | Learned a level 2 spell: Searing Ray
   730 | D        | Found a glowing silver altar of Zin.
   731 | D        | Found a glowing golden altar of the Shining One.
   731 | D        | Found a white marble altar of Elyvilon.
   731 | D        | Noticed a deep elf pyromancer
   743 | D        | Killed a deep elf pyromancer
   744 | D        | Reached skill level 10 in Shields
   744 | D        | Reached skill level 5 in Invocations
   744 | D        | Reached XP level 8. HP: 31/64 MP: 8/11
   806 | D        | Found an ornate altar of the Wu Jian Council.
   807 | D        | Noticed a human
   808 | D        | Noticed a human
   817 | D        | HP: 2/64 [human/+0 trident (14)]
   818 | D        | Slain by a human

Illustrated notes

Levels and vault maps discovered:
D:        dungeon_sprint_mu [sprint_mu_entry_cave, sprint_mu_temple_rooms,
          sprint_mu_d1_spiders, sprint_mu_d2_genie, sprint_mu_d3_branching,
          sprint_mu_orc_legion, sprint_mu_elf_gauntlet, sprint_mu_hive_nellie,
          sprint_mu_lair_fedhas, sprint_mu_vaults_butterflies,
          sprint_mu_slime_circle, sprint_mu_swamp_cave, sprint_mu_snake_twists,
          sprint_mu_blade_basic, sprint_mu_crypt_fortress,
          sprint_mu_tomb_spiral, sprint_mu_vestibule_basic,
          sprint_mu_gehenna_hellfire, sprint_mu_dis_giant,
          sprint_mu_tartarus_statrot, sprint_mu_cocytus_islands, sprint_mu_zot1]

Skill      XL: |  1  2  3  4  5  6  7 |
---------------+----------------------+-----
Fighting       | 4 6 7 8 9 |  9.8
Armour         | 4 5 7 8 |  8.8
Shields        | 5 6 8 9 10 | 10.1
Polearms       | 4 6 7 9 |  9.6
Dodging        | 1 2 3 |  3.2
Invocations    | 5 |  5.1
Evocations     | |  0.9

Action                   |  1- 3 |  4- 6 |  7- 9 || total
-------------------------+-------+-------+-------++-------
Melee: Trident           |    26 |    35 |    40 ||   101
 Abil: Dig               |     1 |       |       ||     1
Evoke: Phial of floods   |       |       |     2 ||     2
       Wand              |       |       |     1 ||     1
  Use: Potion            |     3 |     2 |     1 ||     6
       Scroll            |       |     2 |     1 ||     3
Armor: Scale mail        |     6 |       |     2 ||     8
       Skin              |       |    11 |       ||    11
Dodge: Dodged            |    11 |     1 |     6 ||    18
Block: Buckler           |     6 |     6 |    13 ||    25

Table legend: (Time is in decaauts)
 A = Elapsed time spent in this place.
 B = Non-inter-level travel time spent in this place.
 C = Inter-level travel time spent in this place.
 D = Time resting spent in this place.
 E = Time spent auto-exploring this place.
 F = Levels seen in this place.
 G = Mean time per level.
                   A        B        C        D        E       F      G
               +--------+--------+--------+--------+--------+-----+--------+
         Total |    823 |    823 |      0 |    519 |     27 |   1 |  823.0 |
       Dungeon |    823 |    823 |      0 |    519 |     27 |   1 |  823.0 |
               +--------+--------+--------+--------+--------+-----+--------+

Top non-repeatable levels by time:
       D: 823 daAuts
